 Dungeon Crawl Stone Soup version 0.26.1-11-gd32895ea62 (webtiles) character file.

Game seed: 5287894833488058899

103 Zeld the Chopper (level 4, -13/28 HPs)
             Began as a Gargoyle Berserker on May 27, 2021.
             Was a Believer of Trog.
             Killed from afar by Ijyb (14 damage)
             ... with a bolt of acid
             ... on level 3 of the Dungeon.
             The game lasted 00:01:26 (1898 turns).

Zeld the Chopper (Gargoyle Berserker)               Turns: 1898, Time: 00:01:27

Health: -13/28     AC:  0    Str: 21    XL:     4   Next: 79%
Magic:  4/4        EV: 12    Int:  8    God:    Trog [**....]
Gold:   119        SH:  0    Dex:  9    Spells: 3/3 levels left

rFire    . . .     SeeInvis .   a - +1 hand axe (freeze)
rCold    . . .     Faith    .   (no shield)
rNeg     + . .     Spirit   .   (no armour)
rPois    ∞         Reflect  .   (no helmet)
rElec    +         Harm     .   (no cloak)
rCorr    .         Rampage  .   (no gloves)
Will     .....                  (no boots)
Stlth    +.........             (no amulet)
HPRegen  0.09/turn              (no ring)
MPRegen  0.09/turn              (no ring)

@: corroded, berserk cooldown, slowed, very slow
A: negative energy resistance 1, electricity resistance, unbreathing,
petrification resistance, miasma immunity, AC +3
a: Renounce Religion, Berserk, Trog's Hand


You were on level 3 of the Dungeon.
You worshipped Trog.
Trog was pleased with you.
You visited 1 branch of the dungeon, and saw 3 of its levels.

You collected 119 gold pieces.

Inventory:

Hand Weapons
 a - a +1 hand axe of freezing (weapon)
Scrolls
 b - 4 scrolls of identify {unknown}
 d - a scroll of teleportation {unknown}
 e - a scroll of enchant weapon {unknown}
 f - a scroll of remove curse {unknown}
Potions
 c - a potion of might {unknown}
 g - a potion of degeneration {unknown}


   Skills:
 - Level 3.2 Fighting
 * Level 4.9 Axes
 - Level 2.1 Armour
 - Level 1.5 Dodging


You had 3 spell levels left.
You didn't know any spells.
Your spell library was empty.

Dungeon Overview and Level Annotations

Branches:
Dungeon (3/15)

Altars:
Ru

Annotations:
D:3 Ijyb


Innate Abilities, Weirdness & Mutations

You are resistant to torment.
Your stone body is resilient. (AC +3)
You are immune to poison.
You resist negative energy. (rN+)
You are resistant to electric shocks. (rElec)
You can survive without breathing.
You are immune to petrification.
You are immune to miasma.


Message History

Ijyb is nearby!
You start waiting.
Ijyb is nearby!
A red film seems to cover your vision as you go berserk!
You feel yourself moving faster!
You feel mighty!
Ijyb screams, "Me very upset!"
Ijyb zaps a wand.
The bolt of acid hits you!!
Ouch! That really hurt!
The acid corrodes you!
You are splashed with acid!
* * * LOW HITPOINT WARNING * * *
You feel a strong urge to attack something.
Ijyb screams, "Me stronger than you!"
Ijyb zaps a wand.
The bolt of acid misses you.
You feel your anger nearly subside.
You are no longer berserk.
You are exhausted.
You feel yourself slow down.
Ijyb zaps a wand.
The bolt of acid hits you!
Ouch! That really hurt!
You die...

#....##......
#####.#.##..#..#
#........#.....##.#.##
#..#####.##.#.........
#. #.##)#g##...##. #
#.......# ..g..
#.......# ..#.
.#####.......# #..
.......@.....# #
.#####.......#
#.......# #.......#
#########


You could see Ijyb.

Vanquished Creatures
  An orc wizard (D:3)
  3 adders
  An ooze (D:1)
  A worm (D:2)
  A leopard gecko (D:2)
  2 orcs (D:3)
  A ball python (D:2)
  A giant cockroach (D:1)
  6 goblins
  4 hobgoblins
  7 jackals
  A bat (D:3)
  3 frilled lizards
  A kobold (D:2)
  A rat (D:1)
34 creatures vanquished.

Notes
Turn   | Place    | Note
-------+----------+-------------------------------------------
     0 | D:1      | Zeld the Gargoyle Berserker began the quest for the Orb.
     0 | D:1      | Reached XP level 1. HP: 14/14 MP: 1/1
   134 | D:1      | Reached skill level 3 in Axes
   265 | D:1      | Reached XP level 2. HP: 9/19 MP: 2/2
   987 | D:2      | Reached XP level 3. HP: 16/23 MP: 3/3
  1252 | D:2      | Reached skill level 4 in Axes
  1554 | D:3      | Found a sacrificial altar of Ru.
  1559 | D:3      | Reached XP level 4. HP: 17/28 MP: 4/4
  1563 | D:3      | Reached ** piety under Trog
  1886 | D:3      | Noticed Ijyb
  1893 | D:3      | HP: 2/42 [acid (15)]
  1898 | D:3      | Killed from afar by Ijyb

Illustrated notes

Levels and vault maps discovered:
D:1:      minmay_arrival_split_and_join, layout_loops_ring
D:2:      layout_rooms, mrwooster_statue_mirror, minmay_pentomino_r2
D:3:      layout_loops_cross, hangedman_ru_absence, uniq_ijyb, uniq_natasha

Skill      XL: |  1  2  3 |
---------------+----------+-----
Axes           | 3 4 |  4.9
Fighting       | |  3.2
Armour         | |  2.1
Dodging        | |  1.5

Action                   |  1- 3 |  4- 6 || total
-------------------------+-------+-------++-------
Melee: Hand axe          |    68 |    14 ||    82
Invok: Berserk           |     2 |     2 ||     4
Armor: Skin              |    12 |     4 ||    16
Dodge: Dodged            |    50 |    27 ||    77
